 Dungeon Crawl Stone Soup version 0.22-a0-782-g038298e (webtiles) character file.

35 mhoghedin the Magician (level 3, -2/20 HPs)
             Began as a Kobold Wizard on July 20, 2018.
             Slain by Sigmund
             ... wielding a +0 scythe
              (10 damage)
             ... on level 2 of the Dungeon.
             The game lasted 00:05:29 (2389 turns).

mhoghedin the Magician (Kobold Wizard)              Turns: 2389, Time: 00:05:30

Health: -2/20      AC:  3    Str:  4    XL:     3   Next: 55%
Magic:  8/8        EV: 14    Int: 20    God:
Gold:   80         SH:  5    Dex: 13    Spells: 1/9 levels left

rFire    . . .     SeeInvis .   g - +0 dagger
rCold    . . .     Gourm    .   f - +1 buckler
rNeg     . . .     Faith    .   a - +0 robe
rPois    .         Spirit   .   c - +1 hat
rElec    .         Reflect  .   (no cloak)
rCorr    .         Harm     .   (no gloves)
MR       .....                  (no boots)
Stlth    ++........             (no amulet)
HPRegen  0.06/turn              (no ring)
MPRegen  0.11/turn              (no ring)

@: no status effects
A: small, carnivore
a: no special abilities


You were on level 2 of the Dungeon.
You were not hungry.

You visited 1 branch of the dungeon, and saw 2 of its levels.

You collected 80 gold pieces.

Inventory:

Hand Weapons
 g - a +0 dagger (weapon)
   (You found it on level 1 of the Dungeon)
Missiles
 h - 3 silver tomahawks (quivered)
Armour
 a - a +0 robe (worn)
 b - a +0 hat
 c - a +1 hat (worn)
   (You found it on level 2 of the Dungeon)
 f - a +1 buckler (worn)
   (You found it on level 1 of the Dungeon)
Potions
 e - a potion of might {unknown}
 i - a potion of curing {unknown}
Comestibles
 d - 2 rations


   Skills:
 + Level 0.9 Fighting
 + Level 1.0 Short Blades
 - Level 2.4 Dodging
 + Level 3.0 Stealth
 + Level 0.5 Shields
 - Level 3.6 Spellcasting
 - Level 1.7 Conjurations
 - Level 1.0 Summonings
 - Level 1.0 Translocations


You had one spell level left.
You knew the following spells:

 Your Spells              Type           Power        Failure   Level  Hunger
a - Magic Dart            Conj           ##..         10%         1    None
b - Blink                 Tloc           N/A          21%         2    ##.....
c - Call Imp              Summ           #.......     21%         2    ##.....
x - Mephitic Cloud        Conj/Pois/Air  #.......     43%         3    ###....

Your spell library contained the following spells:

 Spells                   Type           Power        Failure   Level  Hunger
 Conjure Flame            Conj/Fire      #.......     41%         3    ###....
 Slow                     Hex            #.......     32%         2    ##.....


Dungeon Overview and Level Annotations

Branches:
Dungeon (2/15)

Altars:

Annotations:
D:2 Sigmund


Innate Abilities, Weirdness & Mutations

You are small and have problems with some larger weapons.
You are carnivorous and can eat meat at any time.


Message History

A goblin comes into view.
A giant cockroach comes into view.
The helpless goblin fails to defend itself.
You puncture the goblin!
You kill the goblin!
Found a stone staircase leading up.
You see here a ruby potion.
You hit the giant cockroach but do no damage.
You block the giant cockroach's attack. The giant cockroach bites you.
You take 1 damage, and have 19/20 hp.
You hit the giant cockroach but do no damage.
You block the giant cockroach's attack.
You hit the giant cockroach but do no damage.
You block the giant cockroach's attack.
You closely miss the giant cockroach.
The giant cockroach bites you but does no damage.
You hit the giant cockroach. The giant cockroach misses you.
You barely miss the giant cockroach. The giant cockroach barely misses you.
You hit the giant cockroach but do no damage.
The giant cockroach bites you but does no damage.
The giant cockroach barely misses you.
Health restored: 20 You closely miss the giant cockroach.
The giant cockroach barely misses you.
You hit the giant cockroach but do no damage.
The giant cockroach misses you.
You hit the giant cockroach. The giant cockroach misses you.
You hit the giant cockroach but do no damage.
The giant cockroach barely misses you.
You hit the giant cockroach but do no damage.
The giant cockroach bites you.
You take 2 damage, and have 18/20 hp.
You hit the giant cockroach.
You kill the giant cockroach!
No target in view!
No target in view!
e - a ruby potion A goblin comes into view.
It is wielding a dagger.
You hit the goblin but do no damage. The goblin closely misses you.
You hit the goblin. The goblin hits you with a dagger.
You take 1 damage, and have 17/20 hp.
You hit the goblin.
You kill the goblin!
No target in view!
No target in view!
No target in view!
No target in view!
No target in view!
No target in view!
No target in view!
No target in view!
No target in view!
No target in view!
Things that are here:
a dagger; a goblin corpse A rat comes into view.
There is a stone staircase leading up here.
The rat bites you.
You take 1 damage, and have 17/20 hp.
You barely miss the rat. The rat bites you.
You take 3 damage, and have 14/20 hp.
You hit the rat.
You kill the rat!
Your Short Blades skill increases to level 1!
No target in view!
No target in view!
No target in view!
No target in view!
No target in view!
No target in view!
No target in view!
No target in view!
No target in view!
d - 2 rations (gained 1)
Found a stone staircase leading down.
The bat is too close now for your liking.
There is an open door here.
The bat hits you but does no damage. The bat hits you but does no damage.
You block the bat's attack. The bat closely misses you.
Sigmund shouts!
You hit the bat but do no damage. You block the bat's attack.
The bat closely misses you.
Sigmund gestures wildly while chanting.
Sigmund flickers and vanishes!
Deactivating autopickup; reactivate with Ctrl-A.
The bat barely misses you. You block something's attack.
You hit the bat. The bat hits you but does no damage.
You hear some strange, mumbled words.
A magic dart appears from out of thin air!
The magic dart hits you!
You are too injured to fight recklessly!
You are too injured to fight recklessly!
You take 8 damage, and have 8/20 hp.
MASSIVE DAMAGE!!
As you read the scroll labeled QONEDU GI JOUNWI, it crumbles to dust.
It is a scroll of enchant armour.
Your +0 buckler glows green for a moment.
The bat hits you but does no damage. Something hits you!
Ouch! That really hurt!
You die...

#.#..##..#.#...##..........#
#..##........<..#........#
#......#.##.###...†......# #
#.######.##.# ####.......#
#.#.######.##+## #.......#
##.#........#...## ####.####
.....#######.....## #.# .....##
##......{## ##.##
..>...####....b.@..####...#######
.........'.........'............(
......####.........####...#######
#.##.## ##.......## ##.## #. ###
##.....#.. .... # ..
##...##.#####.#. # # ##'## .#
#.#.# # #.# .# ..# # # #.# .# ###
#


You could see a bat.

Vanquished Creatures
  2 oozes (D:1)
  A bat (D:1)
  3 giant cockroaches
  4 hobgoblins (D:1)
  2 jackals (D:1)
  A frilled lizard (D:1)
  4 goblins
  5 kobolds (D:1)
  3 rats
25 creatures vanquished.

Notes
Turn   | Place    | Note
-------+----------+-------------------------------------------
     0 | D:1      | mhoghedin the Kobold Wizard began the quest for the Orb.
     0 | D:1      | Reached XP level 1. HP: 10/10 MP: 4/4
   280 | D:1      | Reached XP level 2. HP: 15/15 MP: 0/6
   284 | D:1      | Learned a level 2 spell: Blink
   287 | D:1      | Learned a level 2 spell: Call Imp
   959 | D:1      | Reached XP level 3. HP: 5/20 MP: 4/8
  1451 | D:1      | Reached skill level 3 in Stealth
  1918 | D:2      | Noticed Sigmund
  2256 | D:2      | Learned a level 3 spell: Mephitic Cloud
  2355 | D:2      | Reached skill level 1 in Short Blades
  2389 | D:2      | Slain by Sigmund

Vault maps used:
D:1:      ncdulo_lavacross
D:2:      nicolae_gozag_seed_capital, first_ration, uniq_sigmund

Skill      XL: |  1  2  3 |
---------------+----------+-----
Stealth        | 3 |  3.0
Short Blades   | 1 |  1.0
Fighting       | |  0.9
Dodging        | |  2.4
Shields        | |  0.5
Spellcasting   | |  3.6
Conjurations   | |  1.7
Summonings     | |  1.0
Translocations | |  1.0

Action                   || total
-------------------------++-------
Melee: Dagger            ||   113
 Cast: Magic Dart        ||    47
  Use: Scroll            ||     3
 Stab: Sleeping          ||     2
  Eat: Chunk             ||     3
       Ration            ||     1
Armor: Robe              ||    22
Dodge: Dodged            ||    84
Block: Buckler           ||    22

Table legend:
 A = Spawn XP
 B = Non-spawn XP
 C = Spawn XP percentage of total XP
 D = Spawn monster count
 E = Non-spawn monster count
 F = Spawn count percentage of total count
 G = Total turns spent on level
                    A         B        C        D         E        F      G
               +---------+---------+-------+---------+---------+-------+---------
         Total |       0 |      51 |   0.0 |       0 |      25 |   0.0 |  2389
               +---------+---------+-------+---------+---------+-------+---------
           D:1 |       0 |      45 |   0.0 |       0 |      21 |   0.0 |  2196
           D:2 |       0 |       6 |   0.0 |       0 |       4 |   0.0 |   193
               +---------+---------+-------+---------+---------+-------+---------

Vault maps used:
D:1:      ncdulo_lavacross
D:2:      nicolae_gozag_seed_capital, first_ration, uniq_sigmund

Table legend:
 A = Turns spent in this place as a percentage of turns spent in the entire game.
 B = Non-inter-level travel turns spent in this place as a percentage of non-inter-level travel turns spent in the entire game.
 C = Inter-level travel turns spent in this place as a percentage of turns spent in this place.
 D = Turns resting spent in this place as a percentage of non-inter-level travel turns spent in this place.
 E = Turns spent auto-exploring this place as a percentage of non-inter-level travel turns spent in this place.
 F = Non-inter-level travel turns spent in this place divided by the number of levels of this place that you've seen.
                   A       B       C       D       E      F
               +-------+-------+-------+-------+-------+----------------------
         Total | 100.0 | 100.0 |   2.7 |  53.7 |  28.6 | 1162.0
       Dungeon | 100.0 | 100.0 |   2.7 |  53.7 |  28.6 | 1162.0
               +-------+-------+-------+-------+-------+----------------------

Table legend:
 A = Kills in this place as a percentage of kills in entire the game.
 B = Kills by you in this place as a percentage of kills by you in the entire game.
 C = Kills by friends in this place as a percentage of kills by friends in the entire game.
 D = Other kills in this place as a percentage of other kills in the entire game.
 E = Experience gained in this place as a percentage of experience gained in the entire game.
 F = Experience gained in this place divided by the number of levels of this place that you have seen.
                   A       B       C       D       E      F
               +-------+-------+-------+-------+-------+----------------------
         Total | 100.0 | 100.0 |   N/A |   N/A | 100.0 |  25.5
       Dungeon | 100.0 | 100.0 |   N/A |   N/A | 100.0 |  25.5
               +-------+-------+-------+-------+-------+----------------------
